 Dungeon Crawl Stone Soup version 0.21-a0-81-gc5150db (webtiles) character file.

296 zxpr0jk the Chiller (level 6, -2/45 HPs)
             Began as a Draconian Ice Elementalist on June 24, 2017.
             Slain by Pikel
             ... wielding a +2 whip of freezing
              (7 damage)
             ... on level 4 of the Dungeon.
             The game lasted 00:05:40 (2449 turns).

zxpr0jk the Chiller (Draconian Ice Elementalist)    Turns: 2449, Time: 00:05:41

Health: -2/45      AC:  8    Str: 10    XL:     6   Next: 12%
Magic:  8/11       EV: 12    Int: 15    God:
Gold:   100        SH:  0    Dex: 14    Spells: 8/12 levels left

rFire    . . .     SeeInvis .   g - +0 hand axe (venom)
rCold    . . .     Gourm    .   (no shield)
rNeg     . . .     Faith    .   (armour unavailable)
rPois    .         Spirit   .   (helmet restricted)
rElec    .         Reflect  .   u - +0 cloak
rCorr    .         Harm     .   k - +0 pair of gloves
MR       .....                  (no boots)
Stlth    ++........             (no amulet)
HPRegen  0.15/turn              (no ring)
MPRegen  0.12/turn              (no ring)

@: slowed, very slow
A: unfitting armour, cold-blooded, AC +6
a: no special abilities


You were on level 4 of the Dungeon.
You were hungry.

You visited 1 branch of the dungeon, and saw 4 of its levels.

You collected 100 gold pieces.

Inventory:

Hand Weapons
 g - a +0 hand axe of venom (weapon)
 m - a cursed +0 spear
Armour
 k - a +0 pair of gloves (worn)
 u - a +0 cloak (worn)
Wands
 d - a wand of flame (12/48)
 v - a wand of flame (25/48)
 y - a wand of random effects (32/48)
Scrolls
 e - 4 scrolls of identify {unknown}
 f - 2 scrolls of immolation {unknown}
 i - 2 scrolls of fear {unknown}
 n - 4 scrolls of teleportation {unknown}
 q - a scroll of remove curse {unknown}
 r - 2 scrolls of recharging {unknown}
 s - a scroll of enchant armour {unknown}
 t - a scroll of blinking {unknown}
 x - a scroll of magic mapping {unknown}
Potions
 h - a potion of ambrosia {unknown}
 j - a potion of cancellation {unknown}
 l - a potion of mutation {unknown}
 o - 3 potions of flight {unknown}
 w - a potion of heal wounds {unknown}
 z - a potion of magic {unknown}
Books
 a - a book of Frost

   Spells                             Type                      Level
   a - Freeze                         Ice                          1
   b - Throw Frost                    Conjuration/Ice              2
   c - Ozocubu's Armour               Charms/Ice                   3
   d - Throw Icicle                   Conjuration/Ice              4
   e - Summon Ice Beast               Ice/Summoning                4
Comestibles
 b - 2 bread rations
 c - 3 royal jellies
 p - 2 meat rations
 A - 2 chunks of flesh


   Skills:
 - Level 1.7 Dodging
 - Level 1.7 Stealth
 + Level 3.9 Spellcasting
   Level 1.0 Conjurations
 * Level 5.8 Ice Magic


You had 8 spell levels left.
You knew the following spells:

 Your Spells              Type           Power        Failure   Level  Hunger
a - Freeze                Ice            ###.         1%          1    None
b - Ozocubu's Armour      Chrm/Ice       ##......     17%         3    ###....


Dungeon Overview and Level Annotations

Branches:
Dungeon (4/15)
 Temple: D:4-7

Altars:

Annotations:
D:4 Pikel


Innate Abilities, Weirdness & Mutations

Your plain brown scales are hard. (AC +6)
You cannot fit into any form of body armour.
You are cold-blooded and may be slowed by cold attacks.


Message History

Confirm with . or Enter, or press ? or * to list all spells.
Aiming: Freeze
Press: ? - help, Shift-Dir - straight line, f/p - Pikel
Aim: Pikel, wielding a whip of freezing and wearing a robe (heavily wounded, poisoned)
You freeze Pikel.
Pikel is severely wounded.
You feel yourself speed up. Pikel hits you with a whip of freezing.
* * * LOW HITPOINT WARNING * * *
You feel yourself slow down. Pikel freezes you.
* * * LOW HITPOINT WARNING * * *
Casting: Freeze
Confirm with . or Enter, or press ? or * to list all spells.
Aiming: Freeze
Press: ? - help, Shift-Dir - straight line, f/p - Pikel
Aim: Pikel, wielding a whip of freezing and wearing a robe (severely wounded, poisoned)
You freeze Pikel.
Pikel is severely wounded.
The slave looks more healthy.
Pikel hits you with a whip of freezing!
You die...

##########
#.@Kpppp.<
..#.######## #.#.#
#.#.# ##### #.#.#
#...# #.#.##
+...#########....#
##...#.......#....#
...#.#.#####.#.(^.#


You could see Pikel and 4 slaves.

Vanquished Creatures
  3 electric eels (D:3)
  Crazy Yiuf (D:2)
  Terence (D:3)
  5 adders
  An ooze (D:3)
  3 worms
  3 dart slugs
  3 leopard geckos (D:3)
  2 ball pythons
  2 giant cockroaches
  7 hobgoblins
  9 jackals
  7 kobolds
  2 quokkas
  4 bats
  3 frilled lizards
  3 goblins
  13 rats
72 creatures vanquished.

Notes
Turn   | Place    | Note
-------+----------+-------------------------------------------
     0 | D:1      | zxpr0jk the Draconian Ice Elementalist began the quest for the Orb.
     0 | D:1      | Reached XP level 1. HP: 14/14 MP: 3/3
   272 | D:1      | Reached XP level 2. HP: 15/20 MP: 5/5
   873 | D:2      | Reached XP level 3. HP: 26/26 MP: 6/6
  1014 | D:2      | Learned a level 3 spell: Ozocubu's Armour
  1046 | D:2      | Reached skill level 4 in Ice Magic
  1319 | D:2      | Reached XP level 4. HP: 21/33 MP: 8/8
  1347 | D:2      | Found a runed door.
  1606 | D:2      | Noticed Crazy Yiuf
  1614 | D:2      | Killed Crazy Yiuf
  1710 | D:3      | Found a transporter.
  1727 | D:3      | Reached skill level 5 in Ice Magic
  1727 | D:3      | Reached XP level 5. HP: 33/38 MP: 8/10
  1745 | D:3      | Found a transporter.
  1930 | D:3      | Found a glowing drain.
  2155 | D:3      | Noticed Terence
  2164 | D:3      | Killed Terence
  2164 | D:3      | Reached XP level 6. HP: 18/45 MP: 6/11
  2436 | D:4      | Noticed Pikel
  2436 | D:4      | Noticed a slave
  2436 | D:4      | Noticed a slave
  2436 | D:4      | Noticed a slave
  2436 | D:4      | Noticed a slave
  2449 | D:4      | Slain by Pikel

Vault maps used:
D:1:      matt_arrival_refuge
D:2:      uniq_crazy_yiuf_cottage
D:3:      gammafunk_steamed_eel, gup_sewer_entry_bubbles, minmay_misc_feat_chi,
          uniq_terence
D:4:      lemuel_doored_altar, fedhas_altar_2, nicolae_gozag_seed_capital,
          minmay_temple_entry_enclosed_plants, first_bread, serial_shops,
          nicolae_shop_crystal, uniq_pikel

Skill      XL: |  1  2  3  4 |
---------------+-------------+-----
Ice Magic      | 4 5 |  5.8
Spellcasting   | 3 |  3.9
Dodging        | |  1.7
Stealth        | |  1.7
Conjurations   | |  1.0

Action                   |  1- 3 |  4- 6 || total
-------------------------+-------+-------++-------
Melee: Unarmed           |    12 |       ||    12
       Hand axe          |    81 |    92 ||   173
       Tailslap          |    13 |    10 ||    23
 Cast: Freeze            |       |    10 ||    10
Evoke: Wand              |       |     3 ||     3
 Stab: Sleeping          |     4 |     4 ||     8
  Eat: Chunk             |     1 |     2 ||     3
       Fruit             |       |     2 ||     2
Armor: Skin              |    28 |    24 ||    52
Dodge: Dodged            |    60 |    67 ||   127
